Cogmind - Beta 11.1 @@@ ROGUE MODE // 2022.09.11 @ 14:42:47 Player: PieTheDye Result: Destroyed by G-34 Mercenary with Small Laser Performance ------------- Evolutions (1) 500 Regions Visited (2) 400 Robots Destroyed (8) 40 Value Destroyed (131) 131 Prototype IDs (0) 0 Alien Tech Used (0) 0 Bonus (0) 0 TOTAL SCORE: 1071 Bonus ------- None Cogmind --------- Core Integrity 0/400 Matter 251/300 Energy 96/100 System Corruption 0% Temperature Cool (6) Movement Walking (120) Location -9/Materials Parts ------- > --- POWER (1) -------- (None) > --- PROPULSION (3) --- Aluminum Leg > --- UTILITY (3) ------ Small Storage Unit Sensor Array > --- WEAPON (2) ------- (None) > --- INVENTORY (8) ---- Seismic Detector Peak State ------------ > --- POWER ------------ Ion Engine > --- PROPULSION ------- Aluminum Leg Aluminum Leg > --- UTILITY ---------- Small Storage Unit Seismic Detector > --- WEAPON ----------- Medium Laser Small Laser > --- INVENTORY -------- Light Treads Light Treads [Rating: 7] Favorites ----------- Power Ion Engine Engine Ion Engine Propulsion Aluminum Leg Treads Light Treads Leg Aluminum Leg Utility Small Storage Unit Device Sensor Array Storage Small Storage Unit Weapon Medium Laser Energy Gun Medium Laser Ballistic Gun Light Assault Rifle Build | -11 -10 -9 ------- Run | Scr Mat Mat Slots Evolved 2 | . . 2 Power . | . . . Propulsion 1 | . . 1 Utility 1 | . . 1 Weapon . | . . . Parts Attached 15 | 9 1 5 Power 1 | 1 . . Engine 1 | 1 . . Core . | . . . Reactor . | . . . Propulsion 7 | 4 . 3 Treads 4 | 2 . 2 Leg 3 | 2 . 1 Wheel . | . . . Hover . | . . . Flight . | . . . Utility 3 | 2 1 . Device 2 | 1 1 . Storage 1 | 1 . . Processor . | . . . Hackware . | . . . Protection . | . . . Artifact . | . . . Weapon 4 | 2 . 2 Energy Gun 2 | 2 . . Energy Cannon . | . . . Ballistic Gun 2 | . . 2 Ballistic Cannon . | . . . Launcher . | . . . Special Weapon . | . . . Impact Weapon . | . . . Slashing Weapon . | . . . Piercing Weapon . | . . . Special Melee Weapon . | . . . Unidentified Prototypes . | . . . Parts Lost 6 | . . 6 Power 1 | . . 1 Propulsion 2 | . . 2 Utility . | . . . Weapon 3 | . . 3 Highest Loss Streak 3 | . . 3 To Critical Strikes . | . . . Average Slot Usage (%) 77 | . 98 54 Engine 9 | . 14 3 Treads 6 | . . 14 Leg 14 | . 28 . Device 11 | . 12 11 Storage 12 | . 14 11 Energy Gun 16 | . 28 4 Ballistic Gun 4 | . . 9 Naked Turns . | . . . Heaviest Build 14 | 14 14 14 Greatest Support 40 | 40 20 40 Greatest Overweight (x) 4 | . 4 2 Average Overweight (x) . | . . . Largest Inventory Capacity 8 | 8 8 8 Average Capacity 7 | 7 8 8 Most Carried 4 | 3 4 3 Average Carried 2 | 1 2 1 Final Capacity 8 | 8 8 8 Final Carried 4 | 2 4 1 Class Distribution -------------------- 100% | Mutant Dominant Class ---------------- Mutant | -10/Materials Mutant | -9/Materials Resources | -11 -10 -9 ----------- Run | Scr Mat Mat Matter Collected 326 | 290 10 26 Remotely . | . . . Salvage Created 251 | 120 83 48 Parts 18 | 10 6 2 Haulers Intercepted . | . . . Recyclers Shooed . | . . . Parts Field Recycled . | . . . Retrieved Matter . | . . . Parts Self-Destructed . | . . . Prevented . | . . . Kills | -11 -10 -9 ------- Run | Scr Mat Mat Combat Hostiles Destroyed 3 | . 2 1 Guns 3 | . 2 1 Classes Destroyed 5 | 2 3 . Tunneler 3 | 3 . . Recycler 1 | 1 . . Watcher 1 | . 1 . Swarmer 1 | . 1 . Grunt 2 | . 1 1 Best Kill Streak 2 | 2 2 1 Combat Bots Only 2 | . 2 1 Max Kills in Single Turn 1 | 1 1 1 Gunslinging . | . . . Exploded . | . . . Melee . | . . . Uniques/NPCs Destroyed . | . . . Combat | -11 -10 -9 -------- Run | Scr Mat Mat Damage Taken 1244 | . 239 1005 Core 493 | . 92 401 Absorbed by Shields . | . . . Regen/Repaired (Parts) 2 | . 2 . Core Remaining (%) 81 | 100 63 . Volleys Fired 60 | 14 16 30 Largest 2 | 2 2 2 Hottest 90 | 90 90 70 Shots Fired 93 | 28 29 36 Gun 93 | 28 29 36 Cannon . | . . . Launcher . | . . . Special . | . . . Kinetic 30 | . . 30 Thermal 63 | 28 29 6 Explosive . | . . . Electromagnetic . | . . . Robot Hit Streak 7 | 7 4 4 Robot Miss Streak 5 | 1 5 3 Penetration Max . | . . . Secondary Targets . | . . . Shots Hit Robots 45 | 14 12 19 Core Hits 20 | 5 5 10 Critical Kills . | . . . Critical Parts Destroyed . | . . . Critical Strikes 1 | 1 . . Burn 1 | 1 . . Melee Attacks . | . . . Impact . | . . . Slashing . | . . . Piercing . | . . . Sneak Attacks . | . . . Combat Hostiles . | . . . Follow-up Attacks . | . . . Damage Inflicted 565 | 190 138 237 Guns 551 | 190 138 223 Cannons . | . . . Explosions . | . . . Melee . | . . . Ramming 14 | . . 14 Kinetic 186 | . . 186 Thermal 365 | 190 138 37 Explosive . | . . . Electromagnetic . | . . . Impact . | . . . Slashing . | . . . Piercing . | . . . Highest Corruption . | . . . Average Corruption . | . . . Corruption Purged . | . . . Corruption Blocked . | . . . Overload Shots . | . . . Overflow Damage . | . . . Projectiles . | . . . Explosions . | . . . Melee . | . . . Knockbacks 1 | . . 1 Impact 1 | . . 1 Kinetic . | . . . Secondary . | . . . Self-Inflicted Damage 2 | . . 2 Shots . | . . . Rammed 7 | . . 7 Targets Rammed 9 | . . 9 Kicked 2 | . . 2 Crushed . | . . . Highest Temperature 282 | 120 282 95 Average Temperature 73 | 45 109 36 Received Heat Transfer 600 | . 72 528 Siege Activations . | . . . Robots Corrupted . | . . . Combat Hostiles . | . . . Parts Fried . | . . . Impact Corruptions . | . . . Robots Melted . | . . . Combat Hostiles . | . . . Parts Melted 1 | . 1 . Heat Transferred 1065 | 582 372 111 Parts Sabotaged . | . . . Parts Stolen . | . . . Parts Stripped . | . . . Power Chain Reactions . | . . . Missiles Intercepted . | . . . Alert | -11 -10 -9 ------- Run | Scr Mat Mat Peak Influence 79 | 20 75 79 Initial 31 | . 13 31 Average 27 | 6 24 59 Maximum Alert Level . | . . . Low Security (%) 100 | 100 100 100 Level 1 . | . . . Level 2 . | . . . Level 3 . | . . . Level 4 . | . . . Level 5 . | . . . High Security . | . . . Max Security . | . . . Squads Dispatched 3 | . 3 . Investigation 1 | . 1 . Extermination . | . . . Reinforcement 2 | . 2 . Assault . | . . . Garrison . | . . . Intercept . | . . . Searches Triggered . | . . . Construction Impeded . | . . . Haulers Reinforced . | . . . Active Scanning Responses . | . . . Cargo Convoy Interrupts . | . . . Stealth | -11 -10 -9 --------- Run | Scr Mat Mat Distress Signals . | . . . Communications Jammed . | . . . Distress Signals . | . . . Times Spotted 18 | . 12 6 Peak Tracking Total 8 | . 8 7 Tactical Retreats 2 | . . 2 Traps | -11 -10 -9 ------- Run | Scr Mat Mat Traps Triggered 1 | . 1 . Indirectly . | . . . Trap Hack Attempts . | . . . Triggered . | . . . Disarmed . | . . . Reprogrammed . | . . . Reused . | . . . Traps Extracted . | . . . Installed . | . . . Triggered . | . . . Machines | -11 -10 -9 ---------- Run | Scr Mat Mat Machines Disabled 1 | . . 1 Max in Single Turn 1 | . . 1 Machines Sabotaged . | . . . Garrisons Compromised . | . . . Overloaded Fab Kills . | . . . Hacking | -11 -10 -9 --------- Run | Scr Mat Mat Machines Accessed 4 | . 2 2 Terminals 1 | . 1 . Fabricators . | . . . Repair Stations 1 | . 1 . Recycling Units 1 | . . 1 Scanalyzers 1 | . . 1 Garrison Access . | . . . Total Hacks 8 | . 5 3 Successful 5 | . 2 3 Failed 3 | . 3 . Catastrophic 1 | . 1 . Database Lockouts . | . . . Manual 1 | . . 1 Terminals 3 | . 3 . Fabricators . | . . . Repair Stations 2 | . 2 . Recycling Units 1 | . . 1 Scanalyzers 2 | . . 2 Garrison Access . | . . . Terminal Hacks . | . . . Fabricator Hacks . | . . . Repair Station Hacks 2 | . 2 . Scan Component 1 | . 1 . Repair 1 | . 1 . Recycling Unit Hacks 1 | . . 1 Process 1 | . . 1 Scanalyzer 2 | . . 2 Insert Component 1 | . . 1 Analyze 1 | . . 1 Garrison Access Hacks . | . . . Unauthorized Hacks . | . . . Terminals . | . . . Fabricators . | . . . Repair Stations . | . . . Recycling Units . | . . . Scanalyzers . | . . . Garrison Access . | . . . Data Cores Recovered . | . . . Used . | . . . Hacking Detections 3 | . 2 1 Full Trace Events 1 | . 1 . Feedback Events . | . . . Feedback Blocked . | . . . Robot Schematics Acquired . | . . . Robots Built . | . . . Authchips . | . . . Time . | . . . Total Robot Build Rating . | . . . Part Schematics Acquired 1 | . . 1 Parts Built . | . . . Authchips . | . . . Time . | . . . Total Part Build Rating . | . . . Parts Repaired 1 | . 1 . Time 26 | . 26 . Parts Recycled . | . . . Recycled Matter 14 | . . 14 Retrieved Matter . | . . . Retrieved Components . | . . . Parts Scanalyzed 1 | . . 1 Part Schematics Acquired 1 | . . 1 Parts Damaged . | . . . Bothacking | -11 -10 -9 ------------ Run | Scr Mat Mat Used RIF Installer . | . . . Robots Hacked . | . . . Non-combat . | . . . Combat . | . . . Robot Hacks Applied . | . . . Relay Couplers Released . | . . . Fabnet Peak Effective % . | . . . Robots Rewired . | . . . Allies Hacked . | . . . Hacks Repelled . | . . . Allies | -11 -10 -9 -------- Run | Scr Mat Mat Total Allies . | . . . Largest Group . | . . . Highest-Rated Group . | . . . Highest-Rated Ally . | . . . Total Orders . | . . . Ally Attacks . | . . . Total Damage . | . . . Kills . | . . . Allies Corrupted . | . . . Allies Melted . | . . . Intel | -11 -10 -9 ------- Run | Scr Mat Mat Robot Analysis Total . | . . . Derelict Logs Recovered . | . . . Drone Launches . | . . . Drone Recoveries . | . . . Exploration | -11 -10 -9 ------------- Run | Scr Mat Mat Turns Passed 790 | 312 255 223 Spaces Moved 389 | 144 155 90 Core 25 | 4 3 18 Treads 113 | 43 . 70 Legs 251 | 97 152 2 Wheels . | . . . Hover . | . . . Flight . | . . . Fastest Speed 50 | 50 120 100 Average Speed 133 | 130 122 156 Slowest Speed 250 | 160 250 160 Overloaded Moves . | . . . Propulsion Burnouts . | . . . Robots Hopped . | . . . Cave-ins Triggered . | . . . Exploration Rate (%) 16 | 9 26 13 Regions Visited 2 Branch Regions . Pre-discovered Areas . | . . . Known Exits Taken . | . . . Unknown Exits Taken 2 | 1 1 . Scrap Searched . | . . . Spaces Dug . | . . . Terrain Destroyed . | . . . Melee . | . . . Projectile . | . . . AOE . | . . . Terrain Rammed . | . . . Walls Destroyed . | . . . Machines Disabled . | . . . Actions | -11 -10 -9 --------- Run | Scr Mat Mat Total 570 | 242 192 136 Wait 83 | 65 18 . Move 387 | 143 154 90 Hop . | . . . Pick Up 14 | 9 3 2 Fast Attach . | . . . Attach 15 | 9 1 5 Detach 2 | 2 . . Swap . | . . . Drop . | . . . Fire 60 | 14 16 30 Melee . | . . . Ram 1 | . . 1 Kick 2 | . . 2 Crush 6 | . . 6 Escape Stasis . | . . . Rewire . | . . . Trap . | . . . Miscellaneous . | . . . Route ------- -11/Scrapyard -10/Materials -9/Materials History --------- Turn | Location | Event 9 | -11/Scrapyard | Discovered new exit (range 14) 313 | -11/Scrapyard | Entered Materials 314 | -10/Materials | Build established: Mutant 415 | -10/Materials | Repaired Seismic Detector? 557 | -10/Materials | Discovered new exit (range 5) 568 | -10/Materials | Entered another Materials area 568 | -9/Materials | Evolved 2 slots: Propulsion x1, Utility x1 727 | -9/Materials | Core integrity fell below 50% 757 | -9/Materials | Lost 3 parts (2n1w) 757 | -9/Materials | Core integrity fell below 20% 791 | -9/Materials | Destroyed by G-34 Mercenary with Small Laser Last Messages --------------- K-01 Serf collects debris. Lgt. Treads destroyed. Critical hit (Burn: +37). Lgt. Assault Rifle destroyed. Slammed into G-47 Trooper. G-47 Trooper knocked back. Slammed into G-47 Trooper. Lgt. Treads destroyed. Y-45 Defender destroyed. Slammed into G-47 Trooper. Acquired Hvy. Assault Rifle. R-06 Scavenger collects Heat Sink. Processing Tank disabled. U-05 Engineer builds a Door. Acquired 3 matter. K-01 Serf collects debris. Hvy. Assault Rifle destroyed. K-01 Serf cleans the Terminal. Kicked G-47 Trooper. Kicked G-47 Trooper out of the way. Map ----- +----------------------------------------------------+ | # ## ##?????###########???????? | | # ## #?????# #???????? | | # " ## #??????# #???????? | | # """ ###+###?????# !#???????? | | # """ # #?????# #???????? | | # """ # ####### """ #???????? | | # "" + / "" """ #???????? | | # """ # ####### S"" """ #???????? | | # "" # #?????# "" #???????? | | # """ ### #############/##########??? | | # " #?#%#?# | | # #?# #?# | | # #?# #?# | | ########?# #?####+####### ### ## | | ?????????# #?# #???? #??? #???? | | ?????????# #?# ""#???? #????????? | | ?????????# #?# Y"#???? #????????? | | ########## #?# ""#???? #????????? | | # # #?# #???? #????????? | | # """ # #?# #???? #????????? | | # """"" # ############# ????????? | | # """"" #% ????????? | | # %%/ ? ????????? | | # !!!%# ????????? | | # !!!%####/#### ##### ??????????? | | # !!! #?#g@g #????????????????????? | | # #?# #????????????????????? | | ##########?# #????????????????????? | | ???????????# #????????????????????? | | ???????????# k #????????????????????? | | ???????????# ""#????????????????????? | | ???????????# T"#????????????????????? | | ???????????# ""#????????????????????? | | ???????????# #????????????????????? | | ???????????######????????????????????? | | ?????????????????????????????????????? | | ?????????????????????????????????????? | | ?????????????????????????????????????? | | ?????????????????????????????????????? | | ?????????????????????????????????????? | | ?????????????????????????????????????? | | ?????????????????????????????????????? | | ?????????????????????????????????????? | | ?????????????????????????????????????? | | ?????????????????????????????????????? | | ?????????????????????????????????????? | | ?????????????????????????????????????? | | ?????????????????????????????????????? | | ?????????????????????????????????????? | | ?????????????????????????????????????? | +----------------------------------------------------+ Best States ------------- Heat Dissipation 28 Energy Generation 10 Energy Capacity 250 Matter Stores 300 Matter Capacity 300 Sight Range 16 Robot Scan Range 14 Terrain Scan Density 10 Evasion (%) 55 Recoil Reduction 2 Item Schematics ----------------- Seismic Detector | -9/Materials | Scanalyzed Robot Schematics ------------------ None Fabricated ------------ Nothing Alien Tech Used ----------------- None Achievements -------------- None Challenges ------------ None Game ------ Seed AnalysisAlphaDetector Manual? 0 Play Time 00:20:22 Cumulative 7.8 hours Start 2022.09.11 @ 14:20:37 End 2022.09.11 @ 14:42:47 Sessions 1 Manual Loads 0 Difficulty Rogue Special Mode None Game No. 12 Rogue 12 Adventurer 0 Explorer 0 Win Type - Total 0 Types 0/0/0/0/0/0/0/0/0 Lore% 7 Gallery% 12 Achievement% 9 Wizard Run 0 Options --------- ASCII 0 Keyboard 0 Movement Numpad Keybinds 0 Fullscreen 2 Font 16/Terminus Map View 76x50 Tactical HUD 0 Map Filters NONE Filters NONE Steam 1 RUN: 802263ae-aa83-4a86-8d67-50c8713773b1